 Dungeon Crawl Stone Soup version 0.29.0-13-gc9e81de378 (webtiles) character file.

Game seed: 9722082023950672018

10475 capka3m the Grappler (level 11, -2/111 HPs)
             Began as a Troll Monk on Sept 10, 2022.
             Was an Elder of the Shining One.
             Slain by a seven-headed hydra (6 damage)
             ... on level 10 of the Dungeon.
             The game lasted 00:17:33 (8151 turns).

capka3m the Grappler (Troll Monk)                   Turns: 8151, Time: 00:17:35

Health: -2/111     AC:  9    Str: 21    XL:     11   Next: 36%
Magic:  10/10      EV: 13    Int:  6    God:    the Shining One [****..]
Gold:   601        SH:  0    Dex: 16    Spells: 10/10 levels left

rFire   . . .      SeeInvis .     - Unarmed
rCold   . . .      Faith    .   (no shield)
rNeg    + + .      Spirit   .   H - +0 troll leather armour
rPois   .          Reflect  .   K - +2 hat
rElec   .          Harm     .   e - +0 cloak
rCorr   .          Rampage  .   (gloves unavailable)
Will    .....                   (boots unavailable)
Stlth   +.........              (no amulet)
HPRegen 1.88/turn               (no ring)
MPRegen 0.12/turn               (no ring)

@: glowing
A: large, unfitting armour, claws 3, regeneration 1, shaggy fur 1, tough skin 1
a: Renounce Religion, Divine Shield, Cleansing Flame


You were on level 10 of the Dungeon.
You worshipped the Shining One.
The Shining One was greatly pleased with you.
You visited 2 branches of the dungeon, and saw 12 of its levels.

You collected 601 gold pieces.

Inventory:

Hand Weapons
 m - the +9 dagger of Juif {vorpal, Fly rC- rCorr Dex+6}
   (You found it on level 3 of the Dungeon)

   It inflicts extra damage upon your enemies.
   Dex:       It affects your dexterity (+6).
   rC:        It makes you vulnerable to cold.
   Fly:       It grants you flight.
   rCorr:     It protects you from acid and corrosion.
Missiles
 F - a throwing net (quivered)
Armour
 e - a +0 cloak (worn)
 H - a +0 troll leather armour (worn)
 K - a +2 hat (worn)
Wands
 k - a wand of flame (44)
Scrolls
 a - a scroll of immolation {unknown}
 f - 10 scrolls of identify {unknown}
 g - a scroll of summoning {unknown}
 h - 2 scrolls of fear {unknown}
 j - 6 scrolls of blinking {unknown}
 n - 2 scrolls of vulnerability {unknown}
 o - 4 scrolls of teleportation {unknown}
 q - 5 scrolls of butterflies {unknown}
 r - a scroll of magic mapping {unknown}
 s - 2 scrolls of enchant armour {unknown}
 x - a scroll of silence {unknown}
 D - a scroll of poison {unknown}
 E - 3 scrolls of noise {unknown}
 J - a scroll of brand weapon {unknown}
Potions
 b - a potion of ambrosia
 c - 3 potions of curing {unknown}
 d - 4 potions of degeneration {unknown}
 i - 3 potions of brilliance {unknown}
 l - a potion of lignification {unknown}
 p - 2 potions of attraction {unknown}
 t - 3 potions of magic {unknown}
 u - 3 potions of might {unknown}
 v - 2 potions of cancellation {unknown}
 w - a potion of berserk rage {unknown}
 z - 4 potions of heal wounds {unknown}
 A - a potion of flight {unknown}
 B - 3 potions of invisibility
 C - a potion of resistance {unknown}
 I - a potion of mutation {unknown}
Miscellaneous
 G - a phial of floods


   Skills:
 + Level 8.0 Fighting
 + Level 8.0 Dodging
 - Level 1.0 Stealth
 * Level 13.1 Unarmed Combat


You had 10 spell levels left.
You didn't know any spells.
Your spell library contained the following spells:

 Spells                   Type           Power      Damage    Failure   Level
 Freeze                   Ice            0%         1d3       50%         1
 Blink                    Tloc           0%         N/A       65%         2
 Static Discharge         Conj/Air       0%         3-3/arc   65%         2
 Frozen Ramparts          Ice            0%         1d1       86%         3
 Lesser Beckoning         Tloc           0%         N/A       86%         3
 Ozocubu's Armour         Ice            0%         N/A       86%         3
 Dispel Undead            Necr           0%         3d6       99%         4
 Hailstorm                Conj/Ice       0%         3d3       99%         4
 Sticky Flame             Conj/Fire      0%         2d3       99%         4
 Alistair's Intoxication  Tmut/Pois      0%         N/A       100%        5
 Borgnjor's Vile Clutch   Necr/Erth      0%         N/A       100%        5
 Manifold Assault         Tloc           0%         N/A       100%        5
 Metabolic Englaciation   Hex/Ice        0%         N/A       100%        5
 Eringya's Noxious Bog    Tmut/Pois      0%         N/A       100%        6
 Simulacrum               Ice/Necr       0%         N/A       100%        6


Dungeon Overview and Level Annotations

Branches:
Dungeon (11/15)            Temple (1/1) D:4            Lair (0/5) D:10
    Orc: D:9-12

Altars:
Ashenzari
Cheibriados
Dithmenos
Elyvilon
Fedhas
Gozag
Hepliaklqana
Kikubaaqudgha
Makhleb
Nemelex Xobeh
Okawaru
Qazlal
Ru
Sif Muna
Trog
Uskayaw
Vehumet
Wu Jian
Xom
Yredelemnul
Zin
The Shining One

Shops:
D:5 *:   D:9 (


Innate Abilities, Weirdness & Mutations

You are too large for most types of armour.
You have claws for hands.
Your natural rate of healing is unusually fast.
You are covered in fur. (AC +1)
You have tough skin. (AC +1)


Message History

You drop a +0 hat.
Attack: -) Claws
Press: ? - help, Dir - move target, f - you
Okay, then.
Okay, then.
Okay, then.
Done exploring.
Done exploring.
Done exploring.
You climb downwards.
The seven-headed hydra bites you. The seven-headed hydra bites you!
The seven-headed hydra bites you but does no damage.
The seven-headed hydra bites you! x4
The seven-headed hydra completely misses you.
The seven-headed hydra bites you but does no damage.
The seven-headed hydra barely misses you.
The seven-headed hydra bites you but does no damage.
The seven-headed hydra bites you. x2
The seven-headed hydra barely misses you.
There is a stone staircase leading up, spattered with blood here.
The seven-headed hydra bites you!
The seven-headed hydra bites you but does no damage.
The seven-headed hydra barely misses you.
The seven-headed hydra bites you!
* * * LOW HITPOINT WARNING * * *
The seven-headed hydra bites you!
* * * LOW HITPOINT WARNING * * *
The seven-headed hydra misses you.
The seven-headed hydra closely misses you.
You climb upwards.
There is a stone staircase leading down here.
You see here a +0 hat.
The seven-headed hydra attacks as you move away!
The seven-headed hydra bites you!
* * * LOW HITPOINT WARNING * * *
The seven-headed hydra bites you but does no damage.
The seven-headed hydra bites you.
* * * LOW HITPOINT WARNING * * *
The seven-headed hydra bites you.
You die...

###.### #####'#####
###.# ##.# ....# #..#
##### #.## ....#
###'######### ....#
#...........# ....#
####...........# ....#
#..'...........#
...[#####.##....@......#
..........##....D......#
....########..........>#
##### #...........#
#........^..#
#########'### ######
#..# .....#
##########'#### .....###
#.............#


You could see a seven-headed hydra.

Vanquished Creatures
  An ogre mage (D:10)
  2 two-headed ogres (D:10)
  A gargoyle (D:8)
  An unseen horror (D:10)
  2 trolls (D:10)
  A hornet (D:10)
  A wraith (D:9)
  2 shadows (D:9)
  11 yaks (D:10)
  A vampire (D:10)
  A wyvern (D:10)
  A steam dragon (D:10)
  Edmund (D:5)
  3 water moccasins (D:10)
  Duvessa (D:5)
  6 orc warriors
  A sky beast (D:7)
  5 black bears
  3 ice beasts
  2 ogres
  2 centaurs
  2 phantoms
  A kobold brigand (D:8)
  Blork the orc (D:5)
  6 bullfrogs
  A gnoll sergeant (D:9)
  A necrophage (D:7)
  3 scorpions (D:4)
  4 wights
  Dowan (D:5)
  7 killer bees (D:10)
  4 howler monkeys
  4 hounds (D:5)
  3 jellies
  6 orc priests
  A gnoll bouda (D:3)
  3 iguanas
  Terence (D:2)
  15 orc wizards
  Natasha (twice) (D:2)
  5 adders
  12 gnolls
  2 shadow imps
  2 ufetubi
  A worm (D:2)
  2 dart slugs
  26 orcs
  7 ball pythons
  10 endoplasms
  2 giant cockroaches
  6 goblins
  9 hobgoblins
  8 jackals
  3 quokkas
  5 bats
  2 frilled lizards
  8 kobolds
  7 rats
232 creatures vanquished.

Vanquished Creatures (others)
  20 fungi (D:10)
  32 plants (D:10)
52 creatures vanquished.

Grand Total: 284 creatures vanquished

Notes
Turn   | Place    | Note
-------+----------+-------------------------------------------
     0 | D:1      | capka3m the Troll Monk began the quest for the Orb.
     0 | D:1      | Reached XP level 1. HP: 22/22 MP: 0/0
    87 | D:1      | Reached XP level 2. HP: 29/29 MP: 1/1
   415 | D:1      | Reached XP level 3. HP: 36/36 MP: 2/2
   823 | D:2      | Reached skill level 4 in Unarmed Combat
   831 | D:2      | Reached XP level 4. HP: 18/44 MP: 3/3
  1001 | D:2      | Noticed Terence
  1006 | D:2      | Killed Terence
  1037 | D:2      | Noticed Natasha
  1047 | D:2      | Killed Natasha
  1048 | D:2      | Reached XP level 5. HP: 38/53 MP: 4/4
  1132 | D:2      | Noticed Natasha
  1135 | D:2      | Killed Natasha
  1249 | D:3      | Reached skill level 5 in Unarmed Combat
  1324 | D:3      | Identified the +9 dagger of Juif {vorpal, Fly rC- rCorr
                  | Dex+6}
  1694 | D:3      | Found a faded altar of an unknown god.
  1913 | D:3      | Reached XP level 6. HP: 58/61 MP: 5/5
  2169 | D:4      | Reached skill level 6 in Unarmed Combat
  2218 | D:4      | Reached XP level 7. HP: 68/68 MP: 6/6
  2660 | D:4      | Found a staircase to the Ecumenical Temple.
  2669 | Temple   | Entered the Ecumenical Temple
  2669 | Temple   | Found a transporter.
  2669 | Temple   | Found a transporter.
  2671 | Temple   | Found a transporter.
  2671 | Temple   | Found a transporter.
  2689 | Temple   | Became a worshipper of the Shining One
  2689 | Temple   | Reached * piety under the Shining One
  2689 | Temple   | Reached ** piety under the Shining One
  2773 | D:5      | Entered Level 5 of the Dungeon
  2802 | D:5      | Noticed Blork the orc
  2816 | D:5      | Killed Blork the orc
  2915 | D:5      | Found a hide-covered altar of Uskayaw.
  3124 | D:5      | Found Giebyku's Book Emporium.
  3167 | D:5      | Noticed Edmund
  3181 | D:5      | Killed Edmund
  3182 | D:5      | Reached skill level 7 in Unarmed Combat
  3182 | D:5      | Reached XP level 8. HP: 59/79 MP: 7/7
  3397 | D:5      | Found Hetofyni's Gadget Gallery.
  3446 | D:5      | Noticed Duvessa
  3446 | D:5      | Noticed Dowan
  3454 | D:5      | Killed Duvessa
  3457 | D:5      | Killed Dowan
  3513 | D:5      | Found a burning altar of Makhleb.
  3856 | D:6      | Reached skill level 5 in Dodging
  3856 | D:6      | Reached skill level 8 in Unarmed Combat
  3861 | D:6      | Reached skill level 5 in Fighting
  4935 | D:7      | Reached skill level 9 in Unarmed Combat
  4935 | D:7      | Reached XP level 9. HP: 79/88 MP: 8/8
  5674 | D:8      | Noticed a gargoyle
  5685 | D:8      | Killed a gargoyle
  5768 | D:8      | Found a shimmering blue altar of Sif Muna.
  5858 | D:8      | Found an iron altar of Okawaru.
  5897 | D:8      | Reached skill level 10 in Unarmed Combat
  5944 | D:8      | Found a shadowy altar of Dithmenos.
  6034 | D:8      | Identified the +4 trident "Rimnean" {freeze, Int+2 SInv}
  6236 | D:9      | Reached *** piety under the Shining One
  6604 | D:9      | Reached XP level 10. HP: 82/100 MP: 9/9
  6807 | D:9      | Found Jezas's Weapon Boutique.
  7074 | D:10     | Entered Level 10 of the Dungeon
  7080 | D:10     | Reached skill level 11 in Unarmed Combat
  7105 | D:10     | Found a runed translucent door.
  7107 | D:10     | Noticed a two-headed ogre
  7107 | D:10     | Noticed an ogre mage
  7229 | D:10     | Found a staircase to the Lair.
  7233 | D:10     | Reached **** piety under the Shining One
  7402 | D:10     | Reached skill level 12 in Unarmed Combat
  7455 | D:10     | Noticed a two-headed ogre
  7462 | D:10     | Killed a two-headed ogre
  7611 | D:10     | Reached XP level 11. HP: 109/109 MP: 10/10
  7770 | D:10     | Killed a two-headed ogre
  7988 | D:10     | Killed an ogre mage
  7989 | D:10     | Reached skill level 13 in Unarmed Combat
  8024 | D:10     | Identified the +0 robe of the Manifold Moons {rPois Str+4}
  8097 | D:11     | Noticed a seven-headed hydra
  8151 | D:10     | HP: 4/111 [seven-headed hydra (3)]
  8151 | D:10     | Slain by a seven-headed hydra

Illustrated notes

Levels and vault maps discovered:
D:1:      ebering_hopf_link, layout_loops_ring, corexii_hall_statues_x
D:2:      layout_rooms, uniq_natasha, uniq_terence
D:3:      layout_loops_corners, shapermc_ecumenical_altar_notcrosses
D:4:      layout_loops_cross, lemuel_temple_firewalk_b
D:5:      layout_basic, amcnicky_altar_gilded, mainiacjoe_overflow_alcove_1,
          serial_shops, nicolae_shop_stone, st_stairs_5, minmay_crystal_room,
          minivault_24, glass_columns_b, nicolae_shop_gadgets, uniq_duvessa,
          uniq_edmund, uniq_blork_the_orc
D:6:      layout_basic, chequers_serial_rivers_micro_e
D:7:      layout_layer_cave
D:8:      layout_loops_cross, mainiacjoe_overflow_catwalk_spiral,
          lemuel_crystal_altar
D:9:      layout_irregular_city, serial_shops, shop
D:10:     layout_roguey, due_lair_maze_entry_diamond, minmay_st_funbox
D:11:     layout_loops_ring
Temple:   hellmonk_temple_divided_pantheon

Skill      XL: |  1  2  3  4  5  6  7  8  9 10 11 |
---------------+----------------------------------+-----
Unarmed Combat | 4 5 6 7 9 10 12 13 | 13.1
Fighting       | 3 4 5 6 7 8 |  8.0
Dodging        | 3 4 5 6 7 8 |  8.0
Stealth        | |  1.0

Action                   |  1- 3 |  4- 6 |  7- 9 | 10-12 || total
-------------------------+-------+-------+-------+-------++-------
Melee: Unarmed           |    77 |    53 |   112 |   167 ||   409
       Punch             |     1 |     1 |    17 |    21 ||    40
       Dagger            |       |    60 |   142 |       ||   202
 Stab: Sleeping          |       |     5 |       |       ||     5
Armor: Robe              |    18 |    32 |    53 |    18 ||   121
       Troll leather arm |       |       |       |    33 ||    33
Dodge: Dodged            |    48 |    48 |   129 |   103 ||   328
